Map: Cyber Forest LE

Players

GhostHell - Winner!

  • Race: Zerg Zerg
  • Spawn Location: 5:00

HydraOrc

  • Race: Protoss Protoss
  • Spawn Location: 11:00

Event: 2019 WCS Spring

VOD

Have the link to the VOD?

Description

Time

  • Played on: May 17, 2019, 7:10 a.m.
  • Length: 9:10

All games in this series

Show
View Real Time Build Order
Export as new Build Order

GhostHell Zerg - Winner!

Build Orders: Hatch First 

Get SALT Encoding   

  12  0:01  Drone  
  13  0:13  Overlord  
  13  0:19  Drone  
  14  0:32  Drone  
  14  0:33  Drone  
  16  0:39  Drone  
  17  0:53  Drone  
  18  1:01  Drone  
  18  1:03  Hatchery  
  18  1:07  Extractor  
  17  1:14  Spawning Pool  
  17  1:17  Drone  
  17  1:21  Drone  
  18  1:29  Drone  
  19  1:41  Overlord  
  19  1:53  Drone  
  20  2:03  Queen  
  22  2:12  Metabolic Boost  
  22  2:14  Queen  
  24  2:18  Zergling x2  
  24  2:19  Zergling x2  
  26  2:26  Hatchery  
  26  2:29  Drone  
  26  2:32  Drone  
  28  2:37  Drone  
  28  2:38  Drone  
  29  2:44  Drone  
  29  2:48  Drone  
  29  2:50  Queen  
  33  2:55  Drone  
  34  2:59  Overlord  
  34  3:12  Drone x2  
  36  3:19  Drone x4  
  40  3:24  Drone  
  41  3:30  Drone  
  41  3:34  Extractor  
  41  3:40  Drone x2  
  42  3:41  Queen  
  42  3:44  Extractor  
  42  3:46  Extractor  
  42  3:48  Roach Warren  
  40  3:49  Drone x4  
  40  3:54  Drone x3  
  48  4:03  Drone  
  48  4:04  Overlord x2  
  49  4:21  Overlord x2  
  49  4:25  Drone x4  
  49  4:27  Overlord  
  49  4:29  Roach x2  
  57  4:38  Overlord x2  
  57  4:40  Roach  
  57  4:41  Roach x3  
  65  4:46  Roach x2  
  71  4:53  Roach x3  
  71  4:58  Roach  
  71  4:59  Roach  
  79  5:03  Overlord  
  79  5:07  Roach x2  
  79  5:13  Zergling x2  
  84  5:18  Roach x4, Extractor  
  91  5:24  Drone  
  91  5:25  Drone x2  
  91  5:26  Drone  
  95  5:30  Roach x3  
  101  5:37  Roach x2  
  101  5:39  Overlord  
  104  5:43  Lair  
  104  5:52  Overlord  
  104  5:58  Zergling x12  
  104  6:03  Zergling x6  
  113  6:05  Overlord  
  113  6:21  Zergling x10  
  113  6:22  Zergling x8  
  121  6:26  Overlord  
  121  6:29  Ravager x3  
  121  6:30  Ravager x5  
  121  6:32  Overlord  
  129  6:43  Glial Reconstitution  
  129  6:44  Overlord, Zergling x14  
  136  6:53  Ravager  
  139  6:54  Roach x3  
  143  7:03  Overlord  
  143  7:08  Roach x5  
  152  7:11  Ravager  
  147  7:29  Roach x8  
  113  7:38  Roach x2  
  113  7:42  Roach  
  92  7:52  Roach x3  
  92  8:00  Roach x2  
  93  8:11  Roach x6  
  105  8:20  Roach x7  
  105  8:25  Overseer  
  113  8:35  Roach x4  
  116  8:42  Roach x3  
  116  8:45  Overseer  
  122  8:51  Roach x2  
Show
View Real Time Build Order
Export as new Build Order

HydraOrc Protoss 

Build Orders: 1 Gate Expand, Zealot Archon, Archon Drop 

Get SALT Encoding   

  12  0:00  Probe  
  13  0:12  Probe  
  14  0:19  Pylon  
  14  0:24  Probe  
  15  0:33  Probe  
  15  0:41  Probe  
  15  0:42  Gateway  
  17  0:51  Probe  
  17  0:52  Assimilator  
  18  1:03  Probe, Pylon  
  19  1:25  Nexus  
  19  1:28  Probe  
  20  1:39  Cybernetics Core  
  20  1:43  Probe  
  21  1:47  Assimilator  
  21  1:55  Probe  
  21  1:58  Pylon  
  22  2:06  Adept  
  22  2:07  Probe  
  23  2:15  Probe  
  23  2:16  Warp Gate  
  26  2:24  Probe  
  26  2:26  Gateway  
  27  2:33  Probe  
  27  2:36  Adept  
  29  2:40  Probe  
  29  2:43  Probe  
  32  2:52  Forge  
  32  2:53  Probe  
  33  2:59  Probe  
  33  3:01  Sentry  
  34  3:05  Probe  
  34  3:11  Probe  
  34  3:12  Pylon  
  38  3:14  Assimilator  
  38  3:18  Probe  
  39  3:23  Probe  
  39  3:27  Robotics Facility  
  40  3:30  Probe  
  40  3:33  Protoss Ground Weapons Level 1  
  41  3:34  Probe  
  42  3:42  Probe x2  
  42  3:47  Assimilator  
  42  3:48  Pylon  
  42  3:50  Sentry, Probe  
  42  3:54  Probe  
  46  3:58  Twilight Council  
  46  4:04  Probe  
  46  4:06  Probe  
  48  4:14  Immortal, Probe, Shield Battery  
  53  4:20  Probe  
  53  4:22  Probe  
  54  4:26  Gateway  
  54  4:30  Gateway  
  55  4:39  Charge  
  55  4:42  Pylon  
  55  4:50  Pylon  
  55  4:53  Immortal  
  59  5:00  Gateway  
  59  5:01  Gateway  
  59  5:04  Protoss Ground Weapons Level 2  
  59  5:11  Templar Archives  
  59  5:13  Gateway  
  59  5:14  Gateway  
  59  5:24  Pylon  
  59  5:26  Pylon  
  59  5:30  Zealot  
  59  5:31  Zealot  
  59  5:33  Observer  
  59  5:35  Zealot  
  66  5:49  Nexus  
  66  5:52  Pylon  
  66  5:53  Probe  
  67  5:58  Warp Prism  
  69  6:04  Probe  
  69  6:06  High Templar x2  
  69  6:07  Zealot  
  69  6:10  Zealot  
  78  6:11  Archon  
  78  6:20  High Templar x2  
  78  6:21  Zealot x2  
  78  6:24  Archon  
  86  6:40  High Templar  
  86  6:41  Zealot x4, High Templar  
  86  6:45  Archon  
  86  6:46  Pylon  
  98  6:47  Pylon  
  98  6:59  High Templar  
  98  7:00  High Templar  
  102  7:03  Zealot x4  
  102  7:04  Archon  
  110  7:15  Zealot x2  
  103  7:28  Zealot x4  
  89  7:35  Zealot x2  
  89  7:36  Zealot x2  
  73  7:49  Zealot x4  
  77  7:55  Immortal  
  65  8:04  High Templar x2  
  51  8:08  Archon  
  55  8:19  Sentry, High Templar x2  
  61  8:21  Nexus  
  61  8:22  Pylon  
  61  8:29  Nexus  
  61  8:31  Zealot x2  
  52  8:42  Zealot  
  52  8:43  Zealot x2  
  54  8:59  Zealot x4  
  50  9:05  Zealot x2  
Tags
 
Add a new tag
Caveats
  • Supply blocks, unpowered buildings, or Contaminate may cause inaccurate times.
  • Supply counts are checked every 10 seconds.